 Dungeon Crawl Stone Soup version 0.27-a0-705-ga0013940fb (webtiles) character file.

Game seed: 4943454378817787571

6 robertstho the Skirmisher (level 1, 0/14 HPs)
             Began as a Gargoyle Monk on Mar 22, 2021.
             Slain by a hobgoblin (4 damage)
             ... on level 1 of the Dungeon.
             The game lasted 00:00:29 (122 turns).

robertstho the Skirmisher (Gargoyle Monk)            Turns: 122, Time: 00:00:29

Health: 0/14       AC:  4    Str: 14    XL:     1   Next: 90%
Magic:  1/1        EV: 12    Int: 10    God:
Gold:   0          SH:  0    Dex: 12    Spells: 0/0 levels left

rFire    . . .     SeeInvis .   a - +0 mace
rCold    . . .     Faith    .   (no shield)
rNeg     + . .     Spirit   .   b - +0 robe
rPois    ∞         Reflect  .   (no helmet)
rElec    +         Harm     .   (no cloak)
rCorr    .         Rampage  .   (no gloves)
Will     .....                  (no boots)
Stlth    ++........             (no amulet)
HPRegen  0.04/turn              (no ring)
MPRegen  0.07/turn              (no ring)

@: no status effects
A: AC +2, negative energy resistance 1, electricity resistance, torment
resistance 1, unbreathing 1, petrification resistance
a: no special abilities


You were on level 1 of the Dungeon.
You visited 1 branch of the dungeon, and saw 1 of its levels.

Inventory:

Hand Weapons
 a - a +0 mace (weapon)
Armour
 b - a +0 robe (worn)
Scrolls
 c - a scroll of identify {unknown}
 f - a scroll of summoning {unknown}
Potions
 d - a potion of lignification {unknown}
 e - a potion of mutation {unknown}


   Skills:
 * Level 3.4 Fighting
 * Level 3.1 Maces & Flails
 * Level 0.2 Armour
 * Level 2.5 Dodging
 - Level 2.1 Stealth


You couldn't memorise any spells.
You didn't know any spells.
Your spell library was empty.

Dungeon Overview and Level Annotations

Branches:
Dungeon (1/15)

Altars:


Innate Abilities, Weirdness & Mutations

Your stone body is resilient. (AC +2)
You are immune to poison.
You resist negative energy. (rN+)
You are resistant to electric shocks. (rElec)
You are resistant to unholy torment.
You can survive without breathing.
You are immune to petrification.


Message History

You closely miss the frilled lizard. The frilled lizard misses you.
The hobgoblin barely misses you.
You barely miss the frilled lizard.
The frilled lizard bites you but does no damage.
The hobgoblin completely misses you. The frilled lizard barely misses you.
The hobgoblin closely misses you.
You barely miss the frilled lizard. The hobgoblin misses you.
The frilled lizard bites you.
You closely miss the frilled lizard. The frilled lizard closely misses you.
The hobgoblin barely misses you.
You closely miss the frilled lizard.
The frilled lizard completely misses you.
The hobgoblin barely misses you.
You completely miss the frilled lizard. The frilled lizard barely misses you.
The hobgoblin hits you but does no damage.
The hobgoblin hits you.
The frilled lizard bites you but does no damage.
You hit the frilled lizard but do no damage.
The frilled lizard closely misses you.
The hobgoblin hits you but does no damage.
You closely miss the frilled lizard. The frilled lizard barely misses you.
The hobgoblin barely misses you.
You closely miss the frilled lizard.
The frilled lizard completely misses you.
The hobgoblin barely misses you.
You closely miss the frilled lizard.
The frilled lizard bites you but does no damage.
The hobgoblin hits you. The hobgoblin barely misses you.
The frilled lizard bites you but does no damage.
You are too injured to fight recklessly!
You are too injured to fight recklessly!
You are too injured to fight recklessly!
You barely miss the hobgoblin. The hobgoblin closely misses you.
The frilled lizard barely misses you.
You hit the hobgoblin but do no damage. The hobgoblin closely misses you.
The frilled lizard bites you but does no damage.
You closely miss the hobgoblin. The frilled lizard bites you.
* * * LOW HITPOINT WARNING * * *
The hobgoblin hits you.
You die...

###### #..... #########
+..... ........# ###. #...8.
........###.... #.....
............. #.....
.........#######'###
##..l....#.........#
#######.†@g....#.........#
#........####..#.........#
.. .#####(#.....##.........#
....###.....##...#.........#
...............###.........#
#####....#######.....(...+
#..#####....#.........#
##..#####.##.##'########
#### ###...............#


You could see a hobgoblin and a frilled lizard.

Vanquished Creatures
  2 ball pythons (D:1)
  A giant cockroach (D:1)
  A hobgoblin (D:1)
  An ooze (D:1)
5 creatures vanquished.

Notes
Turn   | Place    | Note
-------+----------+-------------------------------------------
     0 | D:1      | robertstho the Gargoyle Monk began the quest for the Orb.
     0 | D:1      | Reached XP level 1. HP: 14/14 MP: 1/1
   122 | D:1      | Slain by a hobgoblin

Illustrated notes

Levels and vault maps discovered:
D:1:      evilmike_arrival_fibonacci_small, layout_rooms, minmay_pentomino_r4

Action                   || total
-------------------------++-------
Melee: Mace              ||    24
 Stab: Sleeping          ||     1
Armor: Robe              ||    13
Dodge: Dodged            ||    32

Table legend: (Time is in decaauts)
 A = Elapsed time spent in this place.
 B = Non-inter-level travel time spent in this place.
 C = Inter-level travel time spent in this place.
 D = Time resting spent in this place.
 E = Time spent auto-exploring this place.
 F = Levels seen in this place.
 G = Mean time per level.
                   A        B        C        D        E       F      G
               +--------+--------+--------+--------+--------+-----+--------+
         Total |    127 |    127 |      0 |      0 |     85 |   1 |  127.0 |
       Dungeon |    127 |    127 |      0 |      0 |     85 |   1 |  127.0 |
               +--------+--------+--------+--------+--------+-----+--------+

Top non-repeatable levels by time:
     D:1: 127 daAuts
